 Dungeon Crawl Stone Soup version 0.31-a0-221-gbddc013574 (webtiles) character file.

Game seed: 9458518103732377013

315 qw the Shooter (level 6, -4/52 HPs)
             Began as a Minotaur Hexslinger on July 4, 2023.
             Slain by Edmund
             ... wielding a +0 flail of holy wrath
              (10 damage)
             ... on level 4 of the Dungeon.
             The game lasted 00:01:13 (2963 turns).

qw the Shooter (Minotaur Hexslinger)                Turns: 2963, Time: 00:01:13

Health: -4/52      AC: 12    Str: 12    XL:     6   Next: 19%
Magic:  6/6        EV: 11    Int: 10    God:
Gold:   121        SH:  0    Dex: 15    Spells: 6/7 levels left

rFire   + . .        Y - +3 sling
rCold   . . .        (no shield)
rNeg    . . .        i - +0 ring mail
rPois   .            (helmet restricted)
rElec   .            j - +2 cloak
rCorr   .            (no gloves)
SInv    .            (no boots)
Will    .....        (no amulet)
Stlth   +            f - +4 ring of protection
HPRegen 0.28/turn    k - ring of protection from fire
MPRegen 0.10/turn

%: no passive effects
@: about to teleport
A: horns 2, retaliatory headbutt
a: no special abilities


You were on level 4 of the Dungeon.
You visited 2 branches of the dungeon, and saw 5 of its levels.

You collected 147 gold pieces.
You spent 26 gold pieces at shops.


Innate Abilities, Weirdness & Mutations

You have a pair of horns on your head.
You reflexively headbutt those who attack you in melee.


   Skills:
 - Level 4.1 Fighting
 + Level 6.1 Ranged Weapons
 - Level 1.0 Armour
 - Level 2.1 Dodging
 - Level 1.0 Spellcasting
 - Level 2.0 Hexes


You had 6 spell levels left.
You knew the following spells:

 Your Spells              Type           Power      Damage    Failure   Level
a - Slow                  Hex            16%        N/A       34%         1

Your spell library contained the following spells:

 Spells                   Type           Power      Damage    Failure   Level
 Inner Flame              Hex/Fire       2%         N/A       83%         3
 Portal Projectile        Hex/Tloc       4%         N/A       83%         3
 Cause Fear               Hex            2%         N/A       98%         4

Inventory:

Hand Weapons
 Y - a +3 sling (weapon)
Armour
 i - a +0 ring mail (worn)
 j - a +2 cloak (worn)
Jewellery
 f - a +4 ring of protection (left hand)
 k - a ring of protection from fire (right hand)
Scrolls
 c - a scroll of amnesia {unknown}
 e - a scroll of enchant armour
 h - a scroll of identify
Potions
 b - a potion of haste
 d - a potion of mutation

Dungeon Overview and Level Annotations

Branches:
Dungeon (4/15)             Temple (1/1) D:4

Altars:
Cheibriados
Hepliaklqana
Qazlal
Ru
Sif Muna
Trog
Uskayaw
Wu Jian
The Shining One

Shops:
D:2 ?=   D:3 (

Annotations:
D:4 Edmund


Message History

Edmund is moderately wounded.
Edmund hits you but does no damage.
You shoot a sling bullet.
The sling bullet hits Edmund but does no damage.
Edmund is moderately wounded.
Edmund hits you with a +0 flail of holy wrath!
You shoot a sling bullet. The sling bullet hits Edmund.
Edmund is moderately wounded.
Edmund hits you with a +0 flail of holy wrath.
You shoot a sling bullet. The sling bullet hits Edmund.
Edmund is moderately wounded.
Edmund hits you but does no damage. Edmund barely misses you.
You furiously retaliate!
You headbutt Edmund. You shoot a sling bullet.
The sling bullet closely misses Edmund.
Edmund hits you but does no damage.
You shoot a sling bullet. The sling bullet hits Edmund!
Edmund is heavily wounded.
Edmund hits you with a +0 flail of holy wrath!
You shoot a sling bullet. The sling bullet barely misses Edmund.
Edmund hits you with a +0 flail of holy wrath!
You shoot a sling bullet. The sling bullet barely misses Edmund.
Edmund hits you with a +0 flail of holy wrath.
Edmund completely misses you. You furiously retaliate!
You headbutt Edmund, but do no damage. You shoot a sling bullet.
The sling bullet hits Edmund but does no damage.
Edmund is heavily wounded.
Edmund hits you with a +0 flail of holy wrath.
You shoot a sling bullet.
The sling bullet hits Edmund but does no damage.
Edmund is heavily wounded.
Edmund hits you with a +0 flail of holy wrath!
2962 ||| READING scroll of teleportation.
As you read the scroll of teleportation, it crumbles to dust.
You feel strangely unstable. Edmund closely misses you.
You shoot a sling bullet. The sling bullet hits Edmund.
Edmund is severely wounded.
Edmund hits you with a +0 flail of holy wrath!
You die...

.#...##..## ... .......
.....#####
#.......##....... .....#
#........##......
.....##
#................
......###
##................
....#...#####...........
...####..#.#............
..## ###........@......
.## #.......@....... ##
##......########
##.....# ##...## #####


You could see Edmund.

Vanquished Creatures
  An ogre (D:4)
  A scorpion (D:4)
  A jelly (D:4)
  An iguana (D:4)
  3 adders
  2 worms (D:2)
  A dart slug (D:2)
  2 endoplasms (D:2)
  12 giant cockroaches
  9 goblins
  7 hobgoblins
  7 jackals
  5 kobolds
  3 quokkas
  11 ball pythons
  4 bats
  5 frilled lizards
  5 rats
80 creatures vanquished.

Notes
Turn   | Place    | Note
-------+----------+-------------------------------------------
     0 | D:1      | qw the Minotaur Hexslinger began the quest for the Orb.
     0 | D:1      | Reached XP level 1. HP: 16/16 MP: 1/1
     0 | D:1      | 0 ||| qw: Version: 0.3-a-41-g9d075ac
     0 | D:1      | 0 ||| qw: Game counter: 761
     0 | D:1      | 0 ||| qw: Melee chars always use a shield: true
     0 | D:1      | 0 ||| qw: God list: Okawaru
     0 | D:1      | 0 ||| qw: Allow faded altars: false
     0 | D:1      | 0 ||| qw: Do Orc after clearing Dungeon:15 true
     0 | D:1      | 0 ||| qw: Do second Lair branch before Depths: true
     0 | D:1      | 0 ||| qw: Lair rune preference: random
     0 | D:1      | 0 ||| qw: Goals: Normal
     0 | D:1      | 0 ||| PLANNING D:1-11
   138 | D:1      | Reached skill level 3 in Ranged Weapons
   138 | D:1      | Reached XP level 2. HP: 23/23 MP: 2/2
   733 | D:1      | 733 ||| READING scroll labelled ADDOPL UFIQ.
   738 | D:1      | 738 ||| READING 2 scrolls labelled CATOMP ARGHIO.
   739 | D:1      | 739 ||| READING scroll labelled YMOHUFI YCAA.
   740 | D:1      | 740 ||| READING scroll labelled WOEMERIU LYUHE.
   741 | D:1      | 741 ||| READING 2 scrolls labelled FEVVEOVIQ.
   742 | D:1      | 742 ||| DROPPING scroll of poison.
   838 | D:2      | Reached XP level 3. HP: 24/29 MP: 3/3
   931 | D:2      | Reached skill level 4 in Ranged Weapons
   965 | D:2      | Found Vaivvotop's Jewellery Shoppe.
   970 | D:2      | 970 ||| SHOPLISTING amulet of faith (400 gold, have 33).
   970 | D:2      | 970 ||| SHOPLISTING amulet of the acrobat (300 gold, have
                  | 33).
   970 | D:2      | 970 ||| SHOPLISTING ring "Caestril" {rN+ Will- rCorr AC+4}
                  | (486 gold, have 33).
   970 | D:2      | 970 ||| SHOPLISTING ring "Pauf" {Will+++ Str+6 Int-3 Dex-4
                  | SInv} (605 gold, have 33).
   970 | D:2      | 970 ||| SHOPLISTING ring of fire (250 gold, have 33).
   970 | D:2      | 970 ||| SHOPLISTING ring of positive energy (200 gold, have
                  | 33).
   970 | D:2      | 970 ||| SHOPLISTING ring of protection from fire (250 gold,
                  | have 33).
   970 | D:2      | 970 ||| SHOPLISTING ring of see invisible (150 gold, have
                  | 33).
   970 | D:2      | 970 ||| SHOPLISTING ring of willpower (250 gold, have 33).
  1031 | D:2      | 1031 ||| FLEEEEING.
  1032 | D:2      | 1032 ||| FLEEEEING.
  1033 | D:2      | 1033 ||| FLEEEEING.
  1034 | D:2      | 1034 ||| FLEEEEING.
  1035 | D:2      | 1035 ||| FLEEEEING.
  1036 | D:2      | 1036 ||| FLEEEEING.
  1040 | D:2      | 1040 ||| FLEEEEING.
  1041 | D:2      | 1041 ||| FLEEEEING.
  1042 | D:2      | 1042 ||| FLEEEEING.
  1043 | D:2      | 1043 ||| FLEEEEING.
  1044 | D:2      | 1044 ||| FLEEEEING.
  1045 | D:2      | 1045 ||| FLEEEEING.
  1046 | D:2      | 1046 ||| FLEEEEING.
  1047 | D:2      | 1047 ||| FLEEEEING.
  1308 | D:2      | Found Suedun's Magic Scroll Boutique.
  1314 | D:2      | 1314 ||| BUYING scroll of identify (26 gold).
  1314 | D:2      | Bought a scroll of identify for 26 gold pieces
  1314 | D:2      | 1314 ||| SHOPLISTING scroll of identify (26 gold, have 22).
  1314 | D:2      | 1314 ||| SHOPLISTING scroll of teleportation (39 gold, have
                  | 22).
  1365 | D:2      | 1365 ||| READING 2 scrolls labelled QOATEN CIESU.
  1366 | D:2      | 1366 ||| READING scroll of enchant weapon.
  1366 | D:2      | 1366 ||| ENCHANTING +2 sling.
  1388 | D:3      | 1388 ||| STAIRDANCE
  1391 | D:2      | Reached XP level 4. HP: 33/36 MP: 4/4
  1450 | D:3      | Found a hide-covered altar of Uskayaw.
  1679 | D:3      | Reached skill level 5 in Ranged Weapons
  2019 | D:3      | Found Matwof's Weapon Shop.
  2049 | D:3      | 2049 ||| DROPPING scarf of harm.
  2050 | D:3      | 2050 ||| UPGRADING to +0 ring mail.
  2060 | D:3      | 2060 ||| DROPPING +0 robe.
  2061 | D:3      | 2061 ||| UPGRADING to +2 cloak.
  2066 | D:3      | 2066 ||| UPGRADING to +4 ring of protection.
  2067 | D:3      | 2067 ||| UPGRADING to ring of protection from fire.
  2068 | D:3      | 2068 ||| READING 3 scrolls of identify.
  2068 | D:3      | 2068 ||| IDENTIFYING ruby potion
  2069 | D:3      | 2069 ||| READING 2 scrolls of identify.
  2069 | D:3      | 2069 ||| IDENTIFYING smoky yellow potion
  2209 | D:4      | Reached skill level 1 in Armour
  2288 | D:4      | Noticed a scorpion
  2293 | D:4      | Killed a scorpion
  2294 | D:4      | Reached skill level 3 in Fighting
  2294 | D:4      | Reached XP level 5. HP: 46/46 MP: 5/5
  2298 | D:4      | Noticed Edmund
  2321 | D:4      | HP: 9/46 [Edmund/+0 flail of holy wrath (8)]
  2322 | D:4      | 2322 ||| READING 2 scrolls of teleportation.
  2561 | D:4      | Found a bloodstained altar of Trog.
  2677 | D:4      | Noticed an ogre
  2684 | D:4      | Killed an ogre
  2685 | D:4      | Reached skill level 6 in Ranged Weapons
  2685 | D:4      | Reached XP level 6. HP: 52/52 MP: 6/6
  2750 | D:4      | Found a staircase to the Ecumenical Temple.
  2751 | D:4      | 2751 ||| PLANNING TEMPLE
  2758 | Temple   | Entered the Ecumenical Temple
  2792 | Temple   | 2792 ||| PLANNING D:1-11
  2961 | D:4      | HP: 5/52 [Edmund/+0 flail of holy wrath (10)]
  2962 | D:4      | 2962 ||| READING scroll of teleportation.
  2963 | D:4      | Slain by Edmund

Levels and vault maps discovered:
D:1:      lightli_arrival_quake, layout_basic
D:2:      layout_rooms, serial_shops, shop, shop, hex_intersection
D:3:      minmay_roachtagon, layout_basic, mainiacjoe_overflow_boulevard,
          serial_shops, shop
D:4:      layout_cave_pods, old_standard_altar, minmay_temple_entry_slanted,
          nicolae_concentric_dashed_squares_wild, uniq_edmund
Temple:   nicolae_temple_ecumenical_triangle

Skill      XL: |  1  2  3  4  5  6 |
---------------+-------------------+-----
Ranged Weapons | 3 4 5 6 |  6.1
Fighting       | 2 3 4 |  4.1
Armour         | 1 |  1.0
Dodging        | |  2.1
Spellcasting   | |  1.0
Hexes          | |  2.0

Action                     |  1- 3 |  4- 6 || total
---------------------------+-------+-------++-------
   Fire: Sling             |   142 |   137 ||   279
    Use: Scroll            |     7 |     4 ||    11
 Armour: Robe              |     7 |     4 ||    11
         Ring mail         |       |    21 ||    21
  Dodge: Dodged            |    30 |    47 ||    77

Table legend:
 A = Non-vault XP
 B = Vault XP
 C = Vault XP percentage of total XP
 D = Non-vault monster count
 E = Vault monster count
 F = Vault count percentage of total count
                 A         B        C        D         E       F
            +---------+---------+-------+---------+---------+-------
      Total |     430 |      20 |   4.4 |      70 |      10 |  12.5
            +---------+---------+-------+---------+---------+-------
        D:1 |      34 |       0 |   0.0 |      22 |       0 |   0.0
        D:2 |      73 |       0 |   0.0 |      25 |       0 |   0.0
        D:3 |      19 |      20 |  51.3 |      13 |      10 |  43.5
        D:4 |     304 |       0 |   0.0 |      10 |       0 |   0.0
            +---------+---------+-------+---------+---------+-------
